 Dungeon Crawl Stone Soup version 0.31.0-11-ge490571c62 (webtiles) character file.

Game seed: 18418393466680785195

5380 qw the Markself (level 10, 0/59 HPs)
             Began as a Deep Elf Hunter on Feb 4, 2024.
             Was a Priest of Okawaru.
             Succumbed to a cane toad's poison
             ... on level 1 of the Lair of Beasts.
             The game lasted 00:00:52 (9224 turns).

qw the Markself (Deep Elf Hunter)                   Turns: 9224, Time: 00:00:52

Health: 0/59       AC: 14    Str: 12    XL:     10   Next: 39%
Magic:  15/15      EV: 14    Int: 15    God:    Okawaru [***...]
Gold:   417        SH:  0    Dex: 18    Spells: 9/9 levels left

rFire   . . .        g - +1 orcbow (freeze)
rCold   . . .        (shield currently unavailable)
rNeg    . . .        p - +3 ring mail
rPois   .            c - +2 helmet
rElec   .            o - +0 cloak
rCorr   .            (no gloves)
SInv    +            e - +0 pair of boots
Will    +....        (no amulet)
Stlth   +            h - ring of see invisible
HPRegen 0.29/turn    (no ring)
MPRegen 0.14/turn

%: no passive effects
@: lethally poisoned (0 -> -54)
A: no striking features
a: Renounce Religion, Heroism


You were on level 1 of the Lair of Beasts.
You worshipped Okawaru.
Okawaru was most pleased with you.
You visited 3 branches of the dungeon, and saw 11 of its levels.
You also visited: Ossuary.

You collected 417 gold pieces.


   Skills:
 - Level 5.0 Fighting
 - Level 16.2 Ranged Weapons
 + Level 2.9 Armour
 - Level 7.0 Dodging
 - Level 1.2 Stealth
 - Level 4.0 Invocations


You had 9 spell levels left.
You didn't know any spells.
Your spell library was empty.

Inventory:

Hand Weapons
 g - a +1 orcbow of freezing (weapon)
Armour
 c - a +2 helmet (worn)
 e - a +0 pair of boots (worn)
 o - a +0 cloak (worn)
 p - a +3 ring mail (worn)
 q - a +0 ring mail of fire resistance
Jewellery
 h - a ring of see invisible (left hand)
 k - a ring of ice
Wands
 l - a wand of paralysis (9) (quivered)
 m - a wand of iceblast (9)
 r - a wand of polymorph (22)
Potions
 a - 3 potions of enlightenment
 f - 3 potions of curing
 j - a potion of mutation
 n - a potion of magic {unknown}
 s - a potion of might {unknown}

Dungeon Overview and Level Annotations

Branches:
Dungeon (8/15)             Temple (1/1) D:5            Lair (2/5) D:8
Ossuary (visited)
  Swamp: Lair:2-3    Shoals: Lair:2-3     Snake: Lair:2-3    Spider: Lair:2-3

Altars:
Ashenzari
Cheibriados
Dithmenos
Gozag
Hepliaklqana
Kikubaaqudgha
Makhleb
Nemelex Xobeh
Okawaru
Qazlal
Ru
Trog
Uskayaw
Vehumet
Wu Jian
Xom
Yredelemnul
The Shining One


Message History

Aiming: Paralyse
Press: ? - help, Q - select action, (/) - cycle Shift-Dir - straight line, f/p - cane toad The cane toad resists with some effort.
You feel very sick. The cane toad closely misses you.
9220 ||| ZAPPING wand of paralysis (14) at 1,0 (cane toad; floor).
Aiming: Paralyse
Press: ? - help, Q - select action, (/) - cycle Shift-Dir - straight line, f/p - cane toad The cane toad resists with some effort.
You feel very sick.
The cane toad stings you but does no damage.
The cane toad barely misses you.
9221 ||| ZAPPING wand of paralysis (13) at 1,0 (cane toad; floor).
Aiming: Paralyse
Press: ? - help, Q - select action, (/) - cycle Shift-Dir - straight line, f/p - cane toad The cane toad resists with some effort.
You feel sick. The cane toad stings you!
You are more poisoned.
The cane toad poisons you!
9222 ||| ZAPPING wand of paralysis (12) at 1,0 (cane toad; floor).
Aiming: Paralyse
Press: ? - help, Q - select action, (/) - cycle Shift-Dir - straight line, f/p - cane toad The cane toad resists with some effort.
You feel very sick. The cane toad stings you.
You are lethally poisoned!
The cane toad poisons you!
9223 ||| ZAPPING wand of paralysis (11) at 1,0 (cane toad; floor).
Aiming: Paralyse
Press: ? - help, Q - select action, (/) - cycle Shift-Dir - straight line, f/p - cane toad The cane toad resists with some effort.
You feel extremely sick. The cane toad stings you.
You are more poisoned.
The cane toad poisons you!
9224 ||| ZAPPING wand of paralysis (10) at 1,0 (cane toad; floor).
Aiming: Paralyse
Press: ? - help, Q - select action, (/) - cycle Shift-Dir - straight line, f/p - cane toad The cane toad suddenly stops moving!
You die...

......# #.# ......# #.#
......## #.# .......# #.#
####.### #.# #..# #.# #
#.## ##(## ###)#######
#####P..### .....?....#
###.@F......#
..........###..%........#
..........##..#.........##
..........##.##.........P#
..........#..#..........##
..........#%#.#.........#
..........#)##..........#
..........P.###.........#
....[.......# #.........#


You could see a cane toad (paralysed).

Vanquished Creatures
  A komodo dragon (D:8)
  A polar bear (Lair:1)
  Eustachio (D:5)
  A wyvern (Lair:1)
  A steam dragon (D:8)
  A basilisk (D:8)
  3 water moccasins
  2 orc warriors
  An ice beast (D:7)
  4 black bears
  2 ogres (D:6)
  3 sky beasts
  4 centaurs
  A phantom (D:7)
  A kobold brigand (D:8)
  5 bullfrogs
  3 scorpions
  2 wights (Ossuary)
  A burial acolyte (Ossuary)
  8 killer bees (D:8)
  7 orc priests
  5 hounds
  3 bombardier beetles
  4 jellies
  A gnoll bouda (D:6)
  A sleepcap (D:6)
  5 iguanas
  Ijyb (D:5)
  14 orc wizards
  A mummy (Ossuary)
  7 gnolls
  8 adders
  2 white imps (D:5)
  4 ufetubi
  A dart slug (D:1)
  4 ribbon worms
  36 orcs
  4 bats
  5 endoplasms
  3 giant cockroaches
  4 hobgoblins (D:1)
  4 jackals (D:4)
  7 quokkas
  4 ball pythons
  6 frilled lizards
  8 gnoll skeletons (Ossuary)
  8 goblins
  8 kobolds
  5 kobold skeletons (Ossuary)
  7 orc skeletons (Ossuary)
  6 rats
229 creatures vanquished.

Notes
Turn   | Place    | Note
-------+----------+-------------------------------------------
     0 | D:1      | qw the Deep Elf Hunter began the quest for the Orb.
     0 | D:1      | Reached XP level 1. HP: 12/12 MP: 3/3
     0 | D:1      | 0 ||| qw: Version: 0.3-a-160-g6735b56
     0 | D:1      | 0 ||| qw: Game counter: 4935
     0 | D:1      | 0 ||| qw: Melee chars always use a shield: true
     0 | D:1      | 0 ||| qw: God list: Okawaru
     0 | D:1      | 0 ||| qw: Allow faded altars: false
     0 | D:1      | 0 ||| qw: Do Orc after clearing Dungeon:15 true
     0 | D:1      | 0 ||| qw: Do second Lair branch before Depths: true
     0 | D:1      | 0 ||| qw: Lair rune preference: random
     0 | D:1      | 0 ||| qw: Goals: Normal
     0 | D:1      | 0 ||| PLANNING D:1-11
   162 | D:1      | Reached skill level 6 in Ranged Weapons
   162 | D:1      | Reached XP level 2. HP: 16/16 MP: 4/4
   715 | D:1      | 715 ||| UPGRADING to +0 pair of boots.
   720 | D:1      | 720 ||| UPGRADING to +0 scale mail.
   730 | D:1      | 730 ||| DROPPING +0 leather armour.
   731 | D:1      | 731 ||| UPGRADING to +0 ring mail.
   741 | D:1      | 741 ||| DROPPING +0 scale mail.
   742 | D:1      | 742 ||| READING scroll labelled SENAENTOTH.
   742 | D:1      | 742 ||| IDENTIFYING green potion
   743 | D:1      | 743 ||| READING scroll labelled QUNINY RAUNE.
   775 | D:1      | 775 ||| DROPPING scroll of butterflies.
   893 | D:2      | Reached XP level 3. HP: 20/20 MP: 5/5
  1267 | D:2      | 1267 ||| RETREEEEATING.
  1273 | D:2      | Reached skill level 7 in Ranged Weapons
  1278 | D:2      | HP: 4/20 [gnoll/stone (3)]
  1280 | D:2      | Reached XP level 4. HP: 5/25 MP: 6/6
  1467 | D:2      | 1467 ||| UPGRADING to +0 helmet.
  1558 | D:3      | Reached skill level 8 in Ranged Weapons
  1821 | D:3      | 1821 ||| UPGRADING to +0 cloak.
  1826 | D:3      | 1826 ||| UPGRADING to ring of see invisible.
  1827 | D:3      | 1827 ||| READING 3 scrolls of identify.
  1827 | D:3      | 1827 ||| IDENTIFYING clear potion
  1828 | D:3      | 1828 ||| READING 2 scrolls of identify.
  1828 | D:3      | 1828 ||| IDENTIFYING smoky pink potion
  1829 | D:3      | 1829 ||| READING scroll of identify.
  1829 | D:3      | 1829 ||| IDENTIFYING 2 red potions
  1830 | D:3      | 1830 ||| READING scroll labelled GUKHLU NEUSSERAKHI.
  1834 | D:3      | 1834 ||| READING scroll labelled FOXEOT ICLYJATZ.
  1835 | D:3      | 1835 ||| READING scroll labelled XUS MU CAEF.
  1835 | D:3      | 1835 ||| ENCHANTING +0 shortbow.
  1836 | D:3      | 1836 ||| DROPPING potion of lignification.
  1875 | D:4      | 1875 ||| DRINKING 3 potions of curing.
  1875 | D:4      | 1875 ||| (to cure confusion)
  1886 | D:4      | Reached skill level 1 in Armour
  1886 | D:4      | Reached XP level 5. HP: 11/29 MP: 7/7
  2045 | D:4      | Noticed a centaur
  2046 | D:4      | 2046 ||| DRINKING potion of haste.
  2052 | D:4      | Killed a centaur
  2053 | D:4      | Reached skill level 9 in Ranged Weapons
  2183 | D:4      | 2183 ||| SWAPPING to +0 orcbow.
  2184 | D:4      | 2184 ||| DROPPING +1 shortbow.
  2191 | D:4      | Reached XP level 6. HP: 35/35 MP: 8/8
  2214 | D:4      | Noticed a sky beast
  2215 | D:4      | 2215 ||| ZAPPING wand of iceblast (12) at 3,-2 (floor).
  2216 | D:4      | 2216 ||| ZAPPING wand of iceblast (11) at 2,-1 (floor).
  2216 | D:4      | Killed a sky beast
  2255 | D:4      | Reached skill level 10 in Ranged Weapons
  2553 | D:4      | 2553 ||| DROPPING ring of flight.
  2554 | D:4      | 2554 ||| READING 2 scrolls of identify.
  2554 | D:4      | 2554 ||| IDENTIFYING amethyst potion
  2566 | D:5      | Entered Level 5 of the Dungeon
  2643 | D:5      | Reached skill level 3 in Dodging
  2658 | D:5      | Found a basalt altar of Yredelemnul.
  2662 | D:5      | Reached XP level 7. HP: 40/40 MP: 9/9
  2670 | D:5      | Noticed Eustachio
  2686 | D:5      | 2686 ||| RETREEEEATING.
  2686 | D:5      | Found a bloodstained altar of Trog.
  2687 | D:5      | 2687 ||| RETREEEEATING.
  2688 | D:5      | 2688 ||| RETREEEEATING.
  2689 | D:5      | 2689 ||| RETREEEEATING.
  2727 | D:5      | 2727 ||| ZAPPING wand of iceblast (10) at 2,1 (Eustachio;
                  | floor).
  2727 | D:5      | Killed Eustachio
  2728 | D:5      | Reached skill level 11 in Ranged Weapons
  2762 | D:5      | 2762 ||| FLEEEEING.
  2772 | D:5      | 2772 ||| FLEEEEING.
  2773 | D:5      | 2773 ||| FLEEEEING.
  2774 | D:5      | 2774 ||| FLEEEEING.
  2774 | D:5      | Found a sparkling altar of Nemelex Xobeh.
  2775 | D:5      | 2775 ||| FLEEEEING.
  2776 | D:5      | 2776 ||| STAIRDANCE
  2820 | D:4      | 2820 ||| READING scroll of identify.
  2820 | D:4      | 2820 ||| IDENTIFYING scroll labelled VOFIACWOCIE
  2821 | D:4      | 2821 ||| DROPPING scroll of vulnerability.
  2930 | D:5      | Found a shimmering altar of Xom.
  3165 | D:5      | Reached skill level 12 in Ranged Weapons
  3302 | D:5      | Noticed Ijyb
  3312 | D:5      | Killed Ijyb
  3344 | D:5      | Found a staircase to the Ecumenical Temple.
  3345 | D:5      | 3345 ||| PLANNING TEMPLE
  3345 | D:5      | 3345 ||| UPGRADING to +3 ring mail.
  3355 | D:5      | 3355 ||| DROPPING +0 ring mail.
  3356 | D:5      | 3356 ||| READING scroll of identify.
  3356 | D:5      | 3356 ||| IDENTIFYING scroll labelled HATUSU RIVO
  3357 | D:5      | 3357 ||| READING 3 scrolls labelled LIEPSU WEVVU.
  3358 | D:5      | 3358 ||| DROPPING 2 scrolls of amnesia.
  3359 | D:5      | 3359 ||| DROPPING scroll of poison.
  3368 | Temple   | Entered the Ecumenical Temple
  3369 | Temple   | 3369 ||| PLANNING OKAWARU WORSHIP
  3390 | Temple   | Became a worshipper of Warmaster Okawaru
  3391 | Temple   | 3391 ||| PLANNING D:1-11
  3518 | D:5      | 3518 ||| FLEEEEING.
  3698 | D:5      | 3698 ||| RETREEEEATING.
  3705 | D:5      | Reached XP level 8. HP: 45/45 MP: 10/10
  3718 | D:5      | Reached skill level 3 in Fighting
  3798 | D:5      | 3798 ||| READING scroll labelled HINOMA NANNO.
  3805 | D:6      | 3805 ||| PLANNING SEWER
  3929 | D:6      | 3929 ||| FLEEEEING.
  3969 | D:6      | Reached * piety under Okawaru
  3970 | D:6      | Reached skill level 13 in Ranged Weapons
  3970 | D:6      | HP: 9/46 [ogre/+0 giant club (14)]
  3971 | D:6      | 3971 ||| READING 4 scrolls of teleportation.
  3972 | D:6      | 3972 ||| DRINKING 2 potions of heal wounds.
  3975 | D:6      | Reached skill level 1 in Invocations
  4109 | D:6      | Paralysed by an orc for 5 turns
  4476 | D:6      | 4476 ||| RIP SEWER
  4721 | D:6      | 4721 ||| PLANNING D:1-11
  5147 | D:6      | Reached skill level 3 in Invocations
  5358 | D:6      | Reached XP level 9. HP: 41/50 MP: 12/14
  5399 | D:6      | 5399 ||| READING 2 scrolls labelled BOUVVIKECI.
  5399 | D:6      | 5399 ||| ENCHANTING +0 helmet.
  5400 | D:6      | 5400 ||| READING scroll of enchant armour.
  5400 | D:6      | 5400 ||| ENCHANTING +1 helmet.
  5401 | D:6      | 5401 ||| DROPPING wand of flame (11).
  5437 | D:7      | 5437 ||| PLANNING OSSUARY
  5464 | D:7      | Found a sand-covered staircase.
  5477 | D:7      | Reached skill level 14 in Ranged Weapons
  5487 | Ossuary  | Entered an ossuary
  5619 | Ossuary  | 5619 ||| RETREEEEATING.
  5624 | Ossuary  | 5624 ||| RETREEEEATING.
  5625 | Ossuary  | 5625 ||| RETREEEEATING.
  5626 | Ossuary  | 5626 ||| RETREEEEATING.
  5636 | Ossuary  | 5636 ||| INVOKING Heroism.
  5812 | Ossuary  | 5812 ||| READING scroll labelled FYNOUTEETO.
  5813 | Ossuary  | 5813 ||| DRINKING 2 murky red potions.
  5814 | Ossuary  | 5814 ||| DROPPING potion of invisibility.
  5830 | D:7      | 5830 ||| PLANNING D:1-11
  6076 | D:7      | Reached ** piety under Okawaru
  6214 | D:7      | Found a flagged portal.
  6516 | D:7      | 6516 ||| READING scroll of identify.
  6516 | D:7      | 6516 ||| IDENTIFYING bubbling cyan potion
  6517 | D:7      | 6517 ||| READING scroll labelled OGHAMYSUFF.
  6618 | D:7      | 6618 ||| DROPPING potion of attraction.
  6752 | D:8      | Reached skill level 15 in Ranged Weapons
  6882 | D:8      | Noticed a +0 falchion
  6883 | D:8      | Noticed a +0 short sword
  6883 | D:8      | Noticed a +0 dagger
  6883 | D:8      | Noticed a +0 spear
  6883 | D:8      | Noticed a +0 short sword
  6883 | D:8      | Noticed a +0 falchion
  6884 | D:8      | Noticed a +0 dagger
  6884 | D:8      | Noticed a +0 spear
  6914 | D:8      | 6914 ||| DRINKING 4 potions of curing.
  6914 | D:8      | 6914 ||| (to cure confusion)
  7006 | D:8      | Found a hide-covered altar of Uskayaw.
  7210 | D:8      | 7210 ||| RETREEEEATING.
  7392 | D:8      | Found a staircase to the Lair.
  7399 | D:8      | Noticed a komodo dragon
  7407 | D:8      | 7407 ||| INVOKING Heroism.
  7411 | D:8      | HP: 8/52 [komodo dragon (24)]
  7412 | D:8      | 7412 ||| READING 4 scrolls of teleportation.
  7413 | D:8      | 7413 ||| DRINKING 2 potions of heal wounds.
  7506 | D:8      | Found a glowing golden altar of the Shining One.
  7546 | D:8      | 7546 ||| INVOKING Heroism.
  7548 | D:8      | 7548 ||| INVOKING Heroism.
  7557 | D:8      | HP: 1/52 [komodo dragon (13)]
  7558 | D:8      | 7558 ||| READING 3 scrolls of teleportation.
  7559 | D:8      | 7559 ||| DRINKING potion of heal wounds.
  7562 | D:8      | Killed a komodo dragon
  7563 | D:8      | Reached skill level 16 in Ranged Weapons
  7563 | D:8      | Reached XP level 10. HP: 10/56 MP: 13/15
  7563 | D:8      | 7563 ||| READING 2 scrolls of teleportation.
  8015 | D:8      | Reached skill level 6 in Dodging
  8015 | D:8      | 8015 ||| FLEEEEING.
  8017 | D:8      | 8017 ||| FLEEEEING.
  8022 | D:8      | 8022 ||| FLEEEEING.
  8028 | D:8      | HP: 14/56 [poisoned by a killer bee]
  8029 | D:8      | 8029 ||| READING scroll of teleportation.
  8031 | D:8      | 8031 ||| DRINKING 3 potions of curing.
  8031 | D:8      | 8031 ||| (to cure poison)
  8403 | D:8      | Reached *** piety under Okawaru
  8458 | D:8      | 8458 ||| PLANNING LAIR
  8458 | D:8      | 8458 ||| READING scroll of identify.
  8458 | D:8      | 8458 ||| IDENTIFYING smoky coppery potion
  8459 | D:8      | 8459 ||| READING scroll labelled ORYCYU LYUSAS.
  8460 | D:8      | 8460 ||| READING scroll labelled NAZIOT EKHA.
  8461 | D:8      | 8461 ||| READING scroll labelled DYKHYD TOETOEDGHE.
  8461 | D:8      | 8461 ||| BRANDING +0 orcbow.
  8505 | Lair:1   | Entered Level 1 of the Lair of Beasts
  8507 | Lair:1   | 8507 ||| STAIRDANCE
  8622 | Lair:1   | 8622 ||| INVOKING Heroism.
  8676 | Lair:1   | 8676 ||| RETREEEEATING.
  8978 | Lair:1   | 8978 ||| READING scroll of enchant weapon.
  8978 | Lair:1   | 8978 ||| ENCHANTING +0 orcbow of freezing.
  9110 | Lair:2   | Noticed a cane toad
  9111 | Lair:2   | 9111 ||| STAIRDANCE
  9215 | Lair:2   | Noticed an elephant
  9215 | Lair:2   | Noticed an elephant
  9216 | Lair:2   | 9216 ||| STAIRDANCE
  9216 | Lair:2   | Noticed an elephant
  9218 | Lair:1   | 9218 ||| ZAPPING wand of paralysis (16) at 1,0 (cane toad;
                  | floor).
  9219 | Lair:1   | 9219 ||| ZAPPING wand of paralysis (15) at 1,0 (cane toad;
                  | floor).
  9220 | Lair:1   | 9220 ||| ZAPPING wand of paralysis (14) at 1,0 (cane toad;
                  | floor).
  9221 | Lair:1   | 9221 ||| ZAPPING wand of paralysis (13) at 1,0 (cane toad;
                  | floor).
  9222 | Lair:1   | 9222 ||| ZAPPING wand of paralysis (12) at 1,0 (cane toad;
                  | floor).
  9223 | Lair:1   | 9223 ||| ZAPPING wand of paralysis (11) at 1,0 (cane toad;
                  | floor).
  9223 | Lair:1   | HP: 14/59 [poisoned by a cane toad]
  9224 | Lair:1   | 9224 ||| ZAPPING wand of paralysis (10) at 1,0 (cane toad;
                  | floor).
  9224 | Lair:1   | Succumbed to a cane toad's poison

Levels and vault maps discovered:
D:1:      reono_arrival_mine, layout_basic, nicolae_houndstooth_variations
D:2:      layout_loops_cross
D:3:      layout_rooms
D:4:      layout_rooms, st_stairs_14
D:5:      layout_basic, nicolae_overflow_macrodata_refinement,
          minmay_temple_entry_antechambers, uniq_ijyb, uniq_eustachio
D:6:      layout_basic, gup_sewer_entry_pipe
D:7:      layout_loops_cross, enter_bailey_4, enter_ossuary_3
D:8:      layout_basic, tso_altar, nicolae_uskayaw_en_pointe,
          david_lair_shrubbed, kennysheep_generic_room_16
Temple:   chequers_temple_sunken
Lair:1:   layout_roguey, chequers_serial_rivers_marsh
Lair:2:   lemuel_ratsnest, layout_chaotic_city,
          nicolae_spider_entry_tight_spaces, basic_altar,
          chequers_serial_rivers_micro_e

Skill      XL: |  1  2  3  4  5  6  7  8  9 10 |
---------------+-------------------------------+-----
Ranged Weapons | 6 7 8 9 10 12 13 16 | 16.2
Armour         | 1 2 |  2.9
Fighting       | 2 3 4 5 |  5.0
Dodging        | 3 4 5 7 |  7.0
Invocations    | 4 |  4.0
Stealth        | |  1.2

Action                     |  1- 3 |  4- 6 |  7- 9 | 10-12 || total
---------------------------+-------+-------+-------+-------++-------
   Fire: Shortbow          |   116 |    95 |       |       ||   211
         Orcbow            |       |    43 |   564 |   150 ||   757
 Invoke: Heroism           |       |       |     3 |     1 ||     4
  Evoke: Wand              |       |     2 |     1 |     7 ||    10
    Use: Scroll            |     2 |     7 |    12 |     7 ||    28
         Potion            |       |     2 |     5 |     1 ||     8
 Armour: Leather armour    |    11 |       |       |       ||    11
         Ring mail         |    13 |    40 |   232 |    75 ||   360
  Dodge: Dodged            |    38 |    33 |   196 |    64 ||   331

Table legend:
 A = Non-vault XP
 B = Vault XP
 C = Vault XP percentage of total XP
 D = Non-vault monster count
 E = Vault monster count
 F = Vault count percentage of total count
                 A         B        C        D         E       F
            +---------+---------+-------+---------+---------+-------
      Total |    6517 |    1169 |  15.2 |     186 |      43 |  18.8
            +---------+---------+-------+---------+---------+-------
        D:1 |      36 |       0 |   0.0 |      22 |       0 |   0.0
        D:2 |      67 |       0 |   0.0 |      10 |       0 |   0.0
        D:3 |      79 |       0 |   0.0 |      15 |       0 |   0.0
        D:4 |     406 |       0 |   0.0 |      21 |       0 |   0.0
        D:5 |     755 |     239 |  24.0 |      23 |       2 |   8.0
        D:6 |    1209 |      14 |   1.1 |      31 |       7 |  18.4
        D:7 |     909 |      13 |   1.4 |      14 |       5 |  26.3
        D:8 |    1744 |     653 |  27.2 |      41 |       5 |  10.9
     Lair:1 |    1312 |       0 |   0.0 |       9 |       0 |   0.0
    Ossuary |       0 |     250 | 100.0 |       0 |      24 | 100.0
            +---------+---------+-------+---------+---------+-------
